 Dungeon Sprint DCSS version 0.27-a0-1006-g1fd4cec11e (webtiles) character file.

Game seed: 17759092103633628904

597 mhtbhm the Unseen (level 7, -7/44 HPs)
             Began as a Kobold Brigand on Apr 17, 2021.
             Was a Believer of Dithmenos.
             Splashed by an oklob plant's acid (14 damage)
             ... in the Dungeon (Sprint IV: "Fedhas' Mad Dash").
             The game lasted 00:01:25 (736 turns).

mhtbhm the Unseen (Kobold Brigand)                   Turns: 736, Time: 00:01:25

Health: -7/44      AC:  0    Str:  4    XL:     7   Next: 68%
Magic:  6/7        EV: 15    Int: 13    God:    Dithmenos [**....]
Gold:   69         SH:  0    Dex: 18    Spells: 6/6 levels left

rFire    x . .     SeeInvis .   a - +2 dagger
rCold    . . .     Faith    .   (shield restricted)
rNeg     . . .     Spirit   .   b - +1 robe "Alobloosk" {+Inv rPois rF- Regen+ Str-4}
rPois    +         Reflect  .   (no helmet)
rElec    .         Harm     .   c - +0 cloak
rCorr    .         Rampage  .   (no gloves)
Will     .....     NoTele   +   (no boots)
Stlth    ++++++++++             l - amulet of invisibility {+Inv}
HPRegen  1.14/turn              (no ring)
MPRegen  0.10/turn              (no ring)

@: corroded, very slightly contaminated, wreathed by umbra, invisible
A: small, no large weapons, nightstalker 3
a: Renounce Religion, Evoke Invisibility, Shadow Step


You were in the Dungeon.
You worshipped Dithmenos.
Dithmenos was pleased with you.
You visited 1 branch You collected 69 gold pieces.

Inventory:

Hand Weapons
 a - a +2 dagger (weapon)
Missiles
 d - 8 poisoned darts
 e - 2 curare-tipped darts (quivered)
Armour
 b - the +1 robe "Alobloosk" (worn) {+Inv rPois rF- Regen+ Str-4}
   (You found it in the Dungeon)

   It affects your strength (-4).
   It makes you vulnerable to fire.
   It protects you from poison.
   It lets you turn invisible.
   It increases your rate of health regeneration.
 c - a +0 cloak (worn)
Jewellery
 l - the amulet of invisibility (around neck) {+Inv}
   (You found it in the Dungeon)

   [amulet of nothing]

   It lets you turn invisible.
Scrolls
 k - a scroll of blinking
 m - a scroll of magic mapping {unknown}
Potions
 f - a potion of curing
 g - a potion of heal wounds
 h - a potion of haste
 i - 2 potions of magic
 j - a potion of berserk rage


   Skills:
 + Level 5.2 Fighting
 + Level 5.3 Short Blades
 + Level 5.3 Throwing
 + Level 2.0 Dodging
 + Level 17.6 Stealth
 + Level 4.8 Evocations


You had 6 spell levels left.
You didn't know any spells.
Your spell library was empty.

Dungeon Overview and Level Annotations

Branches:
Dungeon (1/1)

Altars:
Cheibriados
Dithmenos
Elyvilon
Gozag
Hepliaklqana
Kikubaaqudgha
Makhleb
Nemelex Xobeh
Okawaru
Qazlal
Ru
Sif Muna
Trog
Uskayaw
Vehumet
Wu Jian
Xom
Yredelemnul
Zin
The Shining One
Beogh
Jiyva
Lugonu

Annotations:
D exclusion: oklob plant


Innate Abilities, Weirdness & Mutations

You are small and have problems with some larger weapons.
You are completely attuned to the shadows.


Message History

Really walk into a travel-excluded area? [Y]es or [N]o only, please.
Really walk into a travel-excluded area? [Y]es or [N]o only, please.
Really walk into a travel-excluded area?
Okay, then.
You start waiting.
Your magical contamination has completely faded away.
You start waiting.
Done waiting.
You fade into invisibility!
You are very lightly contaminated with residual magic.
Really walk into a travel-excluded area?
There is an open door here.
You see here a scroll labelled TACOUSUIK.
You completely miss the oklob plant. You hit the oklob plant.
The oklob plant is lightly damaged.
You hit the oklob plant but do no damage.
The oklob plant is lightly damaged.
You hit the oklob plant but do no damage.
The oklob plant is lightly damaged.
You hit the oklob plant but do no damage.
The oklob plant is lightly damaged.
You hit the oklob plant but do no damage.
The oklob plant is lightly damaged.
You hit the oklob plant but do no damage.
The oklob plant is lightly damaged.
You catch the helpless oklob plant completely off-guard!
You impale the oklob plant!!
The oklob plant is severely damaged.
The oklob plant spits acid at you. The splash of acid hits you!
The acid corrodes you!
You are splashed with acid!
You hit the oklob plant.
The oklob plant is severely damaged.
The oklob plant spits acid at you. The splash of acid hits you!
* * * LOW HITPOINT WARNING * * *
You are splashed with acid!
You die...

#<..P#.....#.....#
#P..†'.....'.#[..'
#PPPP#.....#.#...#
###############'##
#...♣........'...#
#......♣.....#...#
#.....♣..♣..######
##'####+##### #@.#
#P)# ####


You could see an oklob plant.

Vanquished Creatures
  A queen bee (D)
  A scorpion (D)
  4 killer bees (D)
  4 oklob saplings (D)
  A river rat (D)
  A rat (D)
12 creatures vanquished.

Vanquished Creatures (others)
  A fungus (D)
1 creature vanquished.

Grand Total: 13 creatures vanquished

Notes
Turn   | Place    | Note
-------+----------+-------------------------------------------
     0 | D        | mhtbhm the Kobold Brigand began the quest for the Orb.
     0 | D        | Reached XP level 1. HP: 12/12 MP: 1/1
    18 | D        | Reached skill level 7 in Stealth
    18 | D        | Reached XP level 2. HP: 18/19 MP: 2/2
    43 | D        | Noticed an oklob sapling
    45 | D        | Killed an oklob sapling
    46 | D        | Reached skill level 9 in Stealth
    46 | D        | Reached XP level 3. HP: 23/23 MP: 3/3
   148 | D        | Noticed a scorpion
   149 | D        | Found the amulet of invisibility {+Inv}
   150 | D        | Killed a scorpion
   151 | D        | Reached skill level 11 in Stealth
   151 | D        | Reached XP level 4. HP: 29/29 MP: 4/4
   178 | D        | Found an opulent altar of Gozag.
   178 | D        | Found a sacrificial altar of Ru.
   179 | D        | Found a burning altar of Makhleb.
   179 | D        | Found an ornate altar of the Wu Jian Council.
   179 | D        | Found a shimmering altar of Xom.
   180 | D        | Found a hazy altar of Hepliaklqana.
   180 | D        | Found a shimmering blue altar of Sif Muna.
   181 | D        | Found a sparkling altar of Nemelex Xobeh.
   181 | D        | Found a snail-covered altar of Cheibriados.
   181 | D        | Found a basalt altar of Yredelemnul.
   182 | D        | Found a viscous altar of Jiyva.
   182 | D        | Found a bloodstained altar of Trog.
   182 | D        | Noticed an oklob sapling priest
   183 | D        | Found an iron altar of Okawaru.
   183 | D        | Found a shadowy altar of Dithmenos.
   183 | D        | Found a glowing silver altar of Zin.
   184 | D        | Found an ancient bone altar of Kikubaaqudgha.
   184 | D        | Found a hide-covered altar of Uskayaw.
   185 | D        | Found a stormy altar of Qazlal.
   185 | D        | Found a white marble altar of Elyvilon.
   185 | D        | Found a glowing golden altar of the Shining One.
   186 | D        | Killed an oklob sapling priest
   187 | D        | Reached skill level 12 in Stealth
   187 | D        | Reached XP level 5. HP: 33/33 MP: 2/5
   187 | D        | Found a corrupted altar of Lugonu.
   187 | D        | Found a radiant altar of Vehumet.
   189 | D        | Became a worshipper of Dithmenos the Shadowed
   220 | D        | Reached skill level 13 in Stealth
   220 | D        | Reached skill level 1 in Evocations
   227 | D        | Identified the +1 robe "Alobloosk" {+Inv rPois rF- Regen+
                  | Str-4}
   402 | D        | Reached skill level 14 in Stealth
   402 | D        | Reached XP level 6. HP: 39/39 MP: 6/6
   422 | D        | Noticed a queen bee
   426 | D        | Killed a queen bee
   426 | D        | Reached * piety under Dithmenos
   427 | D        | Reached skill level 5 in Fighting
   427 | D        | Reached skill level 5 in Short Blades
   427 | D        | Reached skill level 5 in Throwing
   427 | D        | Reached skill level 16 in Stealth
   427 | D        | Reached XP level 7. HP: 44/44 MP: 5/7
   429 | D        | Reached skill level 17 in Stealth
   430 | D        | Reached ** piety under Dithmenos
   433 | D        | Noticed an oklob plant
   736 | D        | Splashed by an oklob plant's acid

Illustrated notes

Levels and vault maps discovered:
D:        dungeon_sprint_fedhas [sprint_temple]

Skill      XL: |  1  2  3  4  5  6  7 |
---------------+----------------------+-----
Fighting       | 3 4 5 |  5.2
Short Blades   | 3 4 5 |  5.3
Stealth        | 7 9 11 12 14 16 17 | 17.6
Throwing       | 3 4 5 |  5.3
Evocations     | 1 4 |  4.8
Dodging        | 2 |  2.0

Action                   |  1- 3 |  4- 6 |  7- 9 || total
-------------------------+-------+-------+-------++-------
Melee: Dagger            |     7 |     4 |    22 ||    33
Throw: Dart              |     1 |       |       ||     1
 Abil: Evoke Invisibilit |       |     3 |     2 ||     5
 Stab: Sleeping          |     3 |     4 |     4 ||    11
       Invisible         |       |       |     1 ||     1
Dodge: Dodged            |     1 |       |       ||     1

Table legend: (Time is in decaauts)
 A = Elapsed time spent in this place.
 B = Non-inter-level travel time spent in this place.
 C = Inter-level travel time spent in this place.
 D = Time resting spent in this place.
 E = Time spent auto-exploring this place.
 F = Levels seen in this place.
 G = Mean time per level.
                   A        B        C        D        E       F      G
               +--------+--------+--------+--------+--------+-----+--------+
         Total |    728 |    728 |      0 |    538 |      0 |   1 |  728.0 |
       Dungeon |    728 |    728 |      0 |    538 |      0 |   1 |  728.0 |
               +--------+--------+--------+--------+--------+-----+--------+

Top non-repeatable levels by time:
       D: 728 daAuts
